 Dungeon Crawl Stone Soup version 0.17.0-28-g6e173f8 (webtiles) character file.

140 Redz the Cudgeler (level 5, -3/32 HPs)
             Began as a Gargoyle Skald on Nov 24, 2015.
             Was an Initiate of Okawaru.
             Killed from afar by Sigmund (4 damage)
             ... with a wand of flame
             ... on level 3 of the Dungeon.
             The game lasted 00:06:49 (2886 turns).

Redz the Cudgeler (Gargoyle Skald)                  Turns: 2886, Time: 00:06:49

Health: -3/32      AC: 13    Str: 15    XL:     5   Next: 23%
Magic:  3/9        EV: 11    Int: 14    God:    Okawaru [......]
Gold:   217        SH:  0    Dex:  9    Spells: 2 memorised, 6 levels left

rFire  . . .     SeeInvis +     m - -3 flail (curse)
rCold  . . .     Clarity  .     b - +0 leather armour
rNeg   + . .     SustAt   .     (no shield)
rPois  ∞         Gourm    .     k - +1 helmet
rElec  +         Spirit   .     r - +2 cloak
rCorr  .         Warding  .     t - +0 pair of gloves
rMut   .         Stasis   .     (no boots)
MR     .....                    (no amulet)
Stlth  +.........               l - ring of see invisible
                                h - ring of flight

@: not resistant to hostile enchantments, very unstealthy
A: negative energy resistance 1, electricity resistance, unbreathing,
petrification resistance, rot immunity, AC +4
a: Renounce Religion, Evoke Flight


You were on level 3 of the Dungeon.
You worshipped Okawaru.
Okawaru was noncommittal.
You were hungry.

You visited 1 branch of the dungeon, and saw 3 of its levels.

You collected 217 gold pieces.

Inventory:

Hand Weapons
 a - a +0 mace
 m - a cursed -3 flail (weapon)
Armour
 b - a +0 leather armour (worn)
 k - a +1 helmet (worn)
 r - a +2 cloak (worn)
 t - a +0 pair of gloves (worn)
Jewellery
 h - a ring of flight (left hand)
 l - a ring of see invisible (right hand)
Scrolls
 e - a scroll of teleportation
Potions
 f - a potion of might {unknown}
 g - 4 potions of curing {unknown}
 j - 3 potions of resistance {unknown}
 q - a potion of flight {unknown}
 s - a potion of invisibility {unknown}
Books
 c - a book of Battle

   Spells                             Type                      Level
   a - Infusion                       Charms                       1
   b - Shroud of Golubria             Charms/Translocation         2
   c - Song of Slaying                Charms                       2
   d - Spectral Weapon                Hexes/Charms                 3
   e - Regeneration                   Charms/Necromancy            3
Comestibles
 d - 4 bread rations
 i - 2 royal jellies
 n - 2 meat rations
 o - a slice of pizza
 p - 2 chunks of flesh


   Skills:
 * Level 3.1 Fighting
 * Level 3.3 Maces & Flails
 + Level 1.8 Armour
 + Level 1.0 Dodging
 + Level 1.2 Stealth
 + Level 2.9 Spellcasting
 + Level 2.8 Charms


You had 6 spell levels left.
You knew the following spells:

 Your Spells              Type           Power        Failure   Level  Hunger
a - Infusion              Chrm           ##....       10%         1    #......
b - Shroud of Golubria    Chrm/Tloc      #.........   24%         2    ##.....


Dungeon Overview and Level Annotations

Branches:
Dungeon (3/15)

Altars:
Makhleb
Okawaru
Yredelemnul

Annotations:
D:3 Sigmund


Innate Abilities, Weirdness & Mutations

You are resistant to torment.
Your stone body is resilient (AC +4).
You are immune to poison.
You resist negative energy.
You are resistant to electric shocks.
You can survive without breathing.
You are immune to petrification.
You are immune to rotting.


Message History

You hit Sigmund!
Sigmund is severely wounded.
Your magical infusion is running out.
Sigmund closely misses you.
You barely miss Sigmund.
Sigmund is severely wounded.
Sigmund closely misses you.
You closely miss Sigmund.
Sigmund is severely wounded.
Sigmund barely misses you.
You hit Sigmund.
Sigmund is severely wounded.
You hit Sigmund.
Sigmund is almost dead.
Sigmund misses you.
You hit Sigmund.
Sigmund is almost dead.
You are no longer magically infusing your attacks.
Sigmund zaps a wand.
The puff of flame hits you!
You die...

###.# .......##.## ##.#. .##.#
#.........## #.#. [##.#
#.###......# #.## .##.#
#.###.....#...## #.# .##.#
#.........##.## #.## ....#
#####.##.###.#####...# ..###
#.##......@...!#.# ...##
#.@......## #...# ....###
#@#####...## ###.. ......# ####.#
##.....## #.# ..###.#
##....###.......## #.# ..#
#.######...####.........###..
..###.............'.........'...(
......#.####...####.........###..
##.####.##....## ##.......## #..
##.# #.##.#.########.....## #..
#.# #......##.......)..## #..


You could see Sigmund (invisible).

Vanquished Creatures
  Ijyb (D:3)
  4 adders
  2 river rats (D:3)
  An ooze (D:1)
  2 worms (D:2)
  4 giant geckos
  3 orcs
  3 giant cockroaches (D:3)
  2 hobgoblins
  4 quokkas
  3 ball pythons
  2 bats
  2 giant newts
  7 goblins
  8 kobolds
  6 rats
54 creatures vanquished.

Notes
Turn   | Place    | Note
--------------------------------------------------------------
     0 | D:1      | Redz the Gargoyle Skald began the quest for the Orb.
     0 | D:1      | Reached XP level 1. HP: 12/12 MP: 3/3
   212 | D:1      | Reached XP level 2. HP: 15/18 MP: 5/5
   699 | D:2      | Found an iron altar of Okawaru.
   718 | D:2      | Became a worshipper of Warmaster Okawaru
   763 | D:2      | Found a basalt altar of Yredelemnul.
  1021 | D:2      | Reached XP level 3. HP: 12/22 MP: 3/6
  1200 | D:2      | Learned a level 2 spell: Shroud of Golubria
  1244 | D:2      | Reached skill level 1 in Dodging
  1244 | D:2      | Reached skill level 1 in Stealth
  1628 | D:3      | Reached XP level 4. HP: 25/27 MP: 7/7
  1674 | D:3      | Noticed Ijyb
  1692 | D:3      | Killed Ijyb
  1692 | D:3      | Reached skill level 3 in Maces & Flails
  1765 | D:3      | Found a burning altar of Makhleb.
  1924 | D:3      | Noticed Sigmund
  2299 | D:3      | Reached XP level 5. HP: 32/32 MP: 9/9
  2880 | D:3      | HP: 1/32 [Sigmund/puff of flame (4)]
  2886 | D:3      | Killed from afar by Sigmund

Action                   |  1- 3 |  4- 6 || total
-------------------------+-------+-------++-------
Melee: Mace              |    34 |       ||    34
       Flail             |   110 |   150 ||   260
 Cast: Infusion          |     3 |     3 ||     6
       Shroud of Golubri |       |     1 ||     1
  Use: Scroll            |     5 |       ||     5
 Stab: Sleeping          |     1 |     1 ||     2
  Eat: Chunk             |     3 |     2 ||     5
       Beef jerky        |       |     1 ||     1
